 Dungeon Crawl Stone Soup version 0.28-a0-724-g66f9036eb4 (webtiles) character file.

Game seed: 2165197961883081275

0 meatgazer the Skirmisher (level 1, -10/18 HPs)
             Began as a Demonspawn Abyssal Knight on Oct 26, 2021.
             Was a Follower of Lugonu.
             Killed from afar by a raiju (16 damage)
             ... with a living lightning
             ... on level 2 of the Abyss.
             The game lasted 00:00:30 (134 turns).

meatgazer the Skirmisher (Demonspawn Abyssal Knight) Turns: 134, Time: 00:00:31

Health: -10/18     AC:  4    Str: 13    XL:     1   Next: 0%
Magic:  2/2        EV: 11    Int: 11    God:    Lugonu [*.....]
Gold:   5          SH:  0    Dex: 13    Spells: 0/0 levels left

rFire   + . .      SeeInvis .   a - +1 falchion
rCold   . . .      Faith    .   (no shield)
rNeg    . . .      Spirit   .   b - +1 leather armour
rPois   .          Reflect  .   (no helmet)
rElec   .          Harm     .   (no cloak)
rCorr   .          Rampage  .   (no gloves)
Will    .....                   (no boots)
Stlth   +.........              (no amulet)
HPRegen 0.06/turn               (no ring)
MPRegen 0.08/turn               (no ring)

@: no status effects
A: fire resistance 1, mutation resistance 1
a: Renounce Religion, Depart the Abyss


You were on level 2 of the Abyss.
You worshipped Lugonu.
Lugonu was aware of your devotion.
You visited 0 branches of the dungeon, and saw 0 of its levels.
You visited the Abyss 1 time.

You collected 5 gold pieces.

Inventory:

Hand Weapons
 a - a +1 falchion (weapon)
Armour
 b - a +1 leather armour (worn)
Scrolls
 e - a scroll of amnesia


   Skills:
 + Level 3.0 Fighting
 + Level 1.7 Long Blades
 + Level 1.7 Armour
 + Level 0.8 Dodging
 + Level 2.4 Invocations


You couldn't memorise any spells.
You didn't know any spells.
Your spell library was empty.

Dungeon Overview and Level Annotations

Branches:
Dungeon (0/15)

Altars:


Innate Abilities, Weirdness & Mutations

Your flesh is heat resistant. (rF+)
You are somewhat resistant to further mutation.


Message History

Found a gateway leading deeper into the Abyss.
There is a gateway leading deeper into the Abyss here.
You plunge deeper into the Abyss.
Found a scroll labelled DUOTO ZUKLU and 16 stones.
e - a scroll labelled DUOTO ZUKLU
Found 11 poisoned darts.
f - a fuming clear potion
e - 2 scrolls labelled DUOTO ZUKLU (gained 1)
A tentacled starspawn comes into view.
As you read the scroll labelled DUOTO ZUKLU, it crumbles to dust.
It is a scroll of amnesia.
You feel forgetful for a moment.
As you read the scroll labelled GAOLIGOGYF, it crumbles to dust.
It is a scroll of enchant armour.
Your +0 leather armour glows green for a moment.
A tentacle flies out from the starspawn's body!
A starspawn tentacle comes into view.
It was a potion of mutation.
You feel extremely strange.
You feel resistant to heat.
You feel genetically stable.
It was a potion of curing.
You feel better.
A tentacle flies out from the starspawn's body!
A starspawn tentacle comes into view.
A smoke demon comes into view.
A tentacle flies out from the starspawn's body!
A starspawn tentacle comes into view.
The smoke demon gestures at you. Something smites you!
The starspawn tentacle closely misses you.
The starspawn tentacle grabs you. The starspawn tentacle constricts you.
You escape the starspawn tentacle's grasp.
Found 28 gold pieces.
The smoke demon gestures at you. The ball of steam hits you. You resist.
* * * LOW HITPOINT WARNING * * *
An orc sorcerer comes into view. It is wielding a +2 dagger of draining.
A raiju comes into view.
The raiju bursts into living lightning!
The living lightning hits you!
Ouch! That really hurt!
You die...

#### ## .#.# .#
# ###.##...#
..#
..#........#..#
.#.#.#.@# # .
#h......# #..
.#....#.## #
..#..#..#.#
....#..#.## ##
#.##.#.##.# .#
. #...# .##.#
#...###3.#
.##.... .


You could see a raiju.

Vanquished Creatures (others)
  5 starspawn tentacles (Abyss:2)
5 creatures vanquished.

Notes
Turn   | Place    | Note
-------+----------+-------------------------------------------
     0 | Abyss:1  | meatgazer the Demonspawn Abyssal Knight began the quest for
                  | the Orb.
     0 | Abyss:1  | Reached XP level 1. HP: 18/18 MP: 2/2
   108 | Abyss:2  | Noticed a tentacled starspawn
   111 | Abyss:2  | Gained mutation: Your flesh is heat resistant. (rF+)
                  | [potion of mutation]
   111 | Abyss:2  | Gained mutation: You are somewhat resistant to further
                  | mutation. [potion of mutation]
   118 | Abyss:2  | Noticed a smoke demon
   126 | Abyss:2  | Noticed an orc sorcerer
   131 | Abyss:2  | Noticed a raiju
   134 | Abyss:2  | Killed from afar by a raiju

Illustrated notes

Levels and vault maps discovered:
Abyss:2:  base: Temple, patterned_corridor

Action                   || total
-------------------------++-------
  Use: Scroll            ||     2
       Potion            ||     2
Dodge: Dodged            ||     1

Table legend: (Time is in decaauts)
 A = Elapsed time spent in this place.
 B = Non-inter-level travel time spent in this place.
 C = Inter-level travel time spent in this place.
 D = Time resting spent in this place.
 E = Time spent auto-exploring this place.
 F = Levels seen in this place.
 G = Mean time per level.
                   A        B        C        D        E       F      G
               +--------+--------+--------+--------+--------+-----+--------+
         Total |    133 |    133 |      0 |      0 |     89 |   2 |   66.5 |
         Abyss |    133 |    133 |      0 |      0 |     89 |   2 |   66.5 |
               +--------+--------+--------+--------+--------+-----+--------+

Top non-repeatable levels by time:
 Abyss:2: 105 daAuts
 Abyss:1: 28 daAuts
